 Dungeon Crawl Stone Soup version 0.28.0-53-g5a82cb258f (webtiles) character file.

Game seed: 3358841420091277533

1211 jjjjhere the Cleaver (level 8, -5/63 HPs)
             Began as a Minotaur Hunter on Oct 22, 2022.
             Was an Initiate of Gozag.
             Slain by a troll (7 damage)
             ... on level 6 of the Dungeon.
             The game lasted 00:08:43 (7394 turns).

jjjjhere the Cleaver (Minotaur Hunter)              Turns: 7394, Time: 00:08:44

Health: -5/63      AC: 12    Str: 19    XL:     8   Next: 22%
Magic:  7/7        EV:  5    Int:  8    God:    Gozag
Gold:   572        SH:  0    Dex: 11    Spells: 7/7 levels left

rFire   . . .      SeeInvis .   l - +1 battleaxe (vorpal)
rCold   . . .      Faith    .   (shield currently unavailable)
rNeg    . . .      Spirit   .   g - +0 plate armour
rPois   .          Reflect  .   (helmet restricted)
rElec   .          Harm     .   x - +0 cloak
rCorr   .          Rampage  .   j - +0 pair of gloves
Will    .....                   (no boots)
Stlth   ..........              (no amulet)
HPRegen 0.20/turn               (no ring)
MPRegen 0.10/turn               (no ring)

@: gold aura
A: horns 2, retaliatory headbutt
a: Renounce Religion, Potion Petition, Call Merchant, Bribe Branch


You were on level 6 of the Dungeon.
You worshipped Gozag.
Gozag was pleased with you.
You visited 1 branch of the dungeon, and saw 8 of its levels.

You collected 881 gold pieces.
You spent 309 gold pieces at shops.

Inventory:

Hand Weapons
 a - a +0 short sword
 i - a +0 hand axe
 l - a +1 vorpal battleaxe (weapon)
 u - a +0 war axe
 C - a +2 broad axe of flaming
Missiles
 c - 5 javelins
 d - a throwing net
 q - 7 poisoned darts (quivered)
 E - a curare-tipped dart
Armour
 g - a +0 plate armour (worn)
 j - a +0 pair of gloves (worn)
 x - a +0 cloak (worn)
Scrolls
 f - a scroll of silence {unknown}
 k - 7 scrolls of teleportation
 m - a scroll of brand weapon {unknown}
 n - a scroll of vulnerability
 o - a scroll of amnesia
 s - 2 scrolls of immolation {unknown}
 w - a scroll of enchant weapon {unknown}
 y - a scroll of enchant armour {unknown}
 B - a scroll of blinking {unknown}
 D - a scroll of fog {unknown}
 F - a scroll of magic mapping {unknown}
Potions
 b - a potion of degeneration
 e - a potion of invisibility
 h - a potion of brilliance
 p - a potion of lignification
 r - a potion of haste
 t - 2 potions of heal wounds
 v - a potion of flight {unknown}
 z - a potion of ambrosia {unknown}
 A - 3 potions of curing {unknown}


   Skills:
 - Level 3.5 Fighting
 + Level 11.3 Axes
 - Level 4.0 Throwing
 - Level 2.1 Dodging
 - Level 0.7 Stealth


You had 7 spell levels left.
You didn't know any spells.
Your spell library contained the following spells:

 Spells                   Type           Power      Damage    Failure   Level
 Magic Dart               Conj           0%         1d3       100%        1
 Blink                    Tloc           0%         N/A       100%        2
 Searing Ray              Conj           0%         2d4       100%        2
 Lesser Beckoning         Tloc           0%         N/A       100%        3
 Fulminant Prism          Conj/Hex       0%         3d6       100%        4
 Manifold Assault         Tloc           0%         N/A       100%        5


Dungeon Overview and Level Annotations

Branches:
Dungeon (8/15)
 Temple: D:4-7         Lair: D:8-11

Altars:
Gozag
Hepliaklqana

Shops:
D:4 ?[!?[   D:5 (

Annotations:
D:6 2 runed translucent doors, Jingleheimer's ghost, novice VSTm


Innate Abilities, Weirdness & Mutations

You have a pair of horns on your head.
You reflexively headbutt those who attack you in melee.


Message History

You add the spells Magic Dart, Searing Ray and Fulminant Prism to your library.
An orc comes into view.
It is wielding a +1 flail of protection.
You see here a scroll labelled HEUCWU JUABO.
An orc is nearby!
An orc is nearby!
The orc throws a boomerang.
The boomerang hits you but does no damage.
A troll comes into view.
You slash the orc!
You kill the orc!
A shadow imp comes into view.
The shadow imp shouts!
You hear an angry hiss.
You hear a shout!
An ufetubus comes into view.
The shadow imp moves out of view.
Items here: $ ( ) [.
You hit the troll. You headbutt the troll!
The troll is moderately wounded.
The troll bites you! The troll barely misses you. x2
You closely miss the troll. You headbutt the troll!
The troll is heavily wounded.
The troll completely misses you. You furiously retaliate!
You headbutt the troll! The troll claws you.
The troll claws you but does no damage.
You slash the troll!
The troll is almost dead.
The troll bites you but does no damage. The troll barely misses you.
The troll claws you!
You closely miss the troll.
The troll is almost dead.
The troll bites you!
The troll claws you but does no damage. x2
The troll bites you! The troll claws you but does no damage.
The troll claws you!
* * * LOW HITPOINT WARNING * * *
You closely miss the troll.
The troll is almost dead.
The troll bites you!
* * * LOW HITPOINT WARNING * * *
The troll claws you!
You die...
Your body crumbles into a pile of gold.

#........#..# .#.
##.........# #...
##......#..#..# $
#.......#.....
#.###.#####.### .
#.#.....#..8..# ..
#.#...?.#5....#..⌠
#.......T8.8.8..⌠⌠
#.#.?.$@#.....#.
#.#.....#.$8..# .
###.#####T### #
.... ... #..##
...# ## .... 5....
#.##. ##... ...#..
#≈..## #.. ...#..#
#.≈§.( .### ..


You could see a troll and a shadow imp.

Vanquished Creatures
  A water moccasin (D:5)
  Duvessa (D:4)
  A hornet zombie (D:4)
  An ogre (D:5)
  A necrophage (D:4)
  A kobold brigand (D:6)
  Blork the orc (D:4)
  A scorpion (D:6)
  A water moccasin zombie (D:5)
  A wyvern skeleton (D:5)
  Dowan (D:4)
  A centaur zombie (D:5)
  A centaur skeleton (D:6)
  A jelly (D:6)
  An orc priest (D:6)
  2 iguanas
  A scorpion zombie (D:5)
  A howler monkey zombie (D:5)
  4 adders
  4 gnolls (D:3)
  A river rat (D:6)
  A shadow imp (D:6)
  A white imp (D:5)
  An ufetubus (D:5)
  2 worms
  A dart slug (D:1)
  17 orcs
  5 ball pythons
  4 endoplasms
  5 giant cockroaches
  3 goblins
  4 hobgoblins
  6 jackals
  A quokka (D:3)
  2 bats
  5 frilled lizards
  11 kobolds
  8 rats
105 creatures vanquished.

Vanquished Creatures (others)
  7 plants
7 creatures vanquished.

Grand Total: 112 creatures vanquished

Notes
Turn   | Place    | Note
-------+----------+-------------------------------------------
     0 | D:1      | jjjjhere the Minotaur Hunter began the quest for the Orb.
     0 | D:1      | Reached XP level 1. HP: 18/18 MP: 0/0
   138 | D:1      | Reached XP level 2. HP: 12/26 MP: 1/1
   524 | D:1      | Reached skill level 1 in Axes
   731 | D:1      | Found a faded altar of an unknown god.
   775 | D:1      | Prayed at the altar of an unknown god.
   775 | D:1      | Became a worshipper of Gozag Ym Sagoz the Greedy
   986 | D:2      | Found a hazy altar of Hepliaklqana.
  1024 | D:2      | Reached skill level 2 in Axes
  1030 | D:2      | Reached XP level 3. HP: 31/31 MP: 2/2
  1963 | D:3      | Reached skill level 3 in Axes
  2518 | D:3      | Reached XP level 4. HP: 38/38 MP: 3/3
  2524 | D:3      | Reached skill level 4 in Axes
  3089 | D:4      | Found Hiluinu's Armour Shoppe.
  3124 | D:4      | Noticed Duvessa
  3139 | D:4      | Noticed Dowan
  3262 | D:4      | HP: 11/38 [hornet zombie (2)]
  3267 | D:4      | Reached skill level 5 in Axes
  3267 | D:4      | Reached XP level 5. HP: 9/45 MP: 4/4
  3606 | D:4      | Noticed a necrophage
  3620 | D:4      | Killed a necrophage
  3621 | D:4      | Reached skill level 6 in Axes
  3623 | D:4      | Reached XP level 6. HP: 33/51 MP: 5/5
  3830 | D:4      | Killed Duvessa
  3831 | D:4      | Reached skill level 7 in Axes
  3995 | D:4      | Killed Dowan
  4129 | D:4      | Found Rubroy's Magic Scroll Shoppe.
  4132 | D:4      | Bought a scroll of teleportation for 36 gold pieces
  4132 | D:4      | Bought a scroll of identify for 24 gold pieces
  4163 | D:4      | Reached skill level 8 in Axes
  4229 | D:4      | Noticed Blork the orc
  4247 | D:4      | Killed Blork the orc
  4248 | D:4      | Reached XP level 7. HP: 39/57 MP: 6/6
  4412 | D:4      | Found Ylas's Armour Boutique.
  4429 | D:4      | Found Wecvufes's Magic Scroll Shop.
  4463 | D:4      | Found Ylor's Distillery.
  4948 | D:5      | Entered Level 5 of the Dungeon
  4974 | D:5      | You fall into a shaft and drop 3 floors!
  5367 | D:5      | HP: 16/57 [ogre/+0 giant spiked club (12)]
  5785 | D:5      | Found Raucokh's Hydra Hut.
  5787 | D:5      | Noticed an eight-headed hydra
  5791 | D:5      | Bought a +2 broad axe of flaming for 249 gold pieces
  5813 | D:5      | Reached skill level 9 in Axes
  5993 | D:5      | HP: 16/57 [wyvern skeleton (5)]
  6567 | D:5      | Reached skill level 10 in Axes
  6805 | D:5      | Reached XP level 8. HP: 48/63 MP: 7/7
  6883 | D:6      | Reached skill level 11 in Axes
  7087 | D:6      | Found a large runed translucent door.
  7088 | D:6      | Found a large runed translucent door.
  7090 | D:6      | Noticed Jingleheimer's ghost (novice VSTm)
  7382 | D:6      | Noticed a troll
  7393 | D:6      | HP: 12/63 [troll (9)]
  7394 | D:6      | HP: 2/63 [troll (11)]
  7394 | D:6      | Slain by a troll

Illustrated notes

Levels and vault maps discovered:
D:1:      heliophobic_arrival_glass_houses, layout_rooms, basic_ecumenical_altar
D:2:      layout_basic, basic_altar
D:3:      layout_basic, grunt_decor_cap, serial_bayou_lake_a
D:4:      layout_basic, serial_shops, shop_coins, nicolae_inconvenience_store,
          nicolae_shop_behind_doors, kennysheep_little_box,
          nicolae_shop_behind_doors, uniq_duvessa, uniq_blork_the_orc
D:5:      layout_basic, serial_bayou, serial_bayou_pond_c,
          serial_bayou_lagoon_a, serial_bayou_ford_a, serial_bayou_shore_a,
          serial_bayou_shore_b, serial_bayou_pond_a, minmay_misc_feat_five,
          doesnt_shop_hydraphobe
D:6:      layout_cave_pods, portal_sewer_entry_e, ebering_ghost_disaster_area,
          minmay_chambers_of_fives
D:7:      layout_loops_ring, minmay_temple_entry_junction_2, grunt_ogre_cave,
          grunt_decor_one_mirror
D:8:      layout_basic, serial_shops, shop

Skill      XL: |  1  2  3  4  5  6  7  8 |
---------------+-------------------------+-----
Fighting       | 3 |  3.5
Axes           | 2 3 5 6 8 10 11 | 11.3
Throwing       | |  4.0
Dodging        | |  2.1
Stealth        | |  0.7

Action                   |  1- 3 |  4- 6 |  7- 9 || total
-------------------------+-------+-------+-------++-------
Melee: Short sword       |    19 |       |       ||    19
       Headbutt          |     9 |    11 |    19 ||    39
       Hand axe          |    53 |    48 |       ||   101
       Punch             |       |     1 |       ||     1
       Battleaxe         |       |       |   107 ||   107
Throw: Javelin           |    18 |    13 |       ||    31
       Throwing net      |     1 |     3 |       ||     4
       Dart              |       |     4 |     5 ||     9
  Use: Scroll            |       |     7 |     1 ||     8
 Stab: Distracted        |     1 |       |       ||     1
Armor: Leather armour    |     9 |       |       ||     9
       Ring mail         |     7 |       |       ||     7
       Plate armour      |     9 |    32 |    73 ||   114
       Chain mail        |     9 |       |       ||     9
Dodge: Dodged            |    38 |    15 |    32 ||    85
